 Dungeon Crawl Stone Soup version 0.28-a0-1555-g9ae15a6949 (webtiles) character file.

Game seed: 9968060654234705845

82 mordus the Shield-Bearer (level 4, -5/35 HPs)
             Began as a Formicid Fighter on Jan 18, 2022.
             Killed from afar by Sigmund (9 damage)
             ... with a puff of flame
             ... on level 2 of the Dungeon.
             The game lasted 00:01:36 (1980 turns).

mordus the Shield-Bearer (Formicid Fighter)         Turns: 1980, Time: 00:01:37

Health: -5/35      AC:  8    Str: 22    XL:     4   Next: 70%
Magic:  4/4        EV:  9    Int:  8    God:
Gold:   69         SH:  4    Dex: 10    Spells: 3/3 levels left

rFire   . . .      SeeInvis +   a - +0 long sword
rCold   . . .      Faith    .   c - +0 buckler
rNeg    . . .      Spirit   .   b - +0 scale mail
rPois   .          Reflect  .   (helmet unavailable)
rElec   .          Harm     .   (no cloak)
rCorr   .          Rampage  .   g - +0 pair of gloves
Will    .....                   (no boots)
Stlth   ..........              (no amulet)
HPRegen 0.11/turn               (no ring)
MPRegen 0.09/turn               (no ring)

@: no status effects
A: permanent stasis, dig shafts and tunnels, antennae 3, four strong arms
a: Dig, Shaft Self


You were on level 2 of the Dungeon.
You visited 1 branch of the dungeon, and saw 2 of its levels.

You collected 69 gold pieces.

Inventory:

Hand Weapons
 a - a +0 long sword (weapon)
Armour
 b - a +0 scale mail (worn)
 c - a +0 buckler (worn)
 g - a +0 pair of gloves (worn)
Jewellery
 e - a ring of ice
Wands
 n - a wand of iceblast (10)
Scrolls
 i - a scroll of enchant weapon {unknown}
 j - a scroll of magic mapping {unknown}
 l - 2 scrolls of identify {unknown}
 o - 3 scrolls of torment {unknown}
 p - a scroll of fog {unknown}
Potions
 d - 2 potions of might
 f - a potion of cancellation {unknown}
 h - 2 potions of haste {unknown}
 k - a potion of brilliance
 m - a potion of lignification {unknown}


   Skills:
 - Level 3.2 Fighting
 * Level 3.5 Long Blades
 + Level 3.9 Armour
 + Level 4.3 Shields


You had 3 spell levels left.
You didn't know any spells.
Your spell library contained the following spells:

 Spells                   Type           Power      Damage    Failure   Level
 Slow                     Hex            0%         N/A       80%         1
 Confusing Touch          Hex            0%         N/A       99%         3
 Vampiric Draining        Necr           0%         2d6       99%         3


Dungeon Overview and Level Annotations

Branches:
Dungeon (2/15)

Altars:

Annotations:
D:2 Sigmund


Innate Abilities, Weirdness & Mutations

You cannot be hasted, slowed, berserked, paralysed or teleported.
You can dig through walls and to a lower floor.
You have a pair of large antennae on your head. (SInv)
Your four strong arms can wield two-handed weapons with a shield.


Message History

Sigmund is nearby!
You completely miss Sigmund. Sigmund gestures at you while chanting.
The magic dart hits you.
Sigmund is nearby!
You hit Sigmund.
Sigmund is lightly wounded.
Sigmund gestures at you while chanting.
You are confused.
Sigmund mumbles some strange words.
Sigmund flickers and vanishes for a moment.
Sigmund is nearby!
You are too confused!
Sigmund is nearby!
Sigmund is nearby!
You are too confused!
Sigmund casts a spell at you. The magic dart hits you.
You bump into the rock wall.
Sigmund zaps a wand.
The puff of flame hits you!
Sigmund zaps a wand.
The puff of flame misses you.
You bump into the rock wall.
Sigmund points at you and mumbles some strange words.
The puff of flame hits you but does no damage.
Sigmund hits you from afar with a +0 scythe.
* * * LOW HITPOINT WARNING * * *
You bump into the rock wall.
You feel less confused.
Sigmund zaps a wand.
The puff of flame hits you.
* * * LOW HITPOINT WARNING * * *
You closely miss Sigmund.
Sigmund is lightly wounded.
You block Sigmund's attack.
You barely miss Sigmund.
Sigmund is lightly wounded.
You block Sigmund's attack.
You hit Sigmund.
Sigmund is lightly wounded.
Sigmund gestures at you while chanting. The puff of flame hits you!
You die...

#..###### #.......#
## ##.##...# .#
####.##.######.#
#....##.#......
####'#####.#.#....
....>.# #.#.#.#.#
......# #.#.#.#@#
......# #.#.#.#@###
...#'#####.#.......#
.#.#.#.....##.##.#.#
.#.#.#.##..##.##...#
...#.#.....##.######
...#.###.......###
...#.# #...#.....#
...#.#######...#.##
...#.#............#


You could see Sigmund (empowered, invisible).

Vanquished Creatures
  Natasha (D:2)
  2 adders (D:2)
  A dart slug (D:2)
  3 bats (D:2)
  5 endoplasms
  A giant cockroach (D:1)
  4 goblins
  3 hobgoblins
  7 jackals (D:1)
  A quokka (D:1)
  A ball python (D:2)
  2 frilled lizards (D:1)
  4 rats
35 creatures vanquished.

Vanquished Creatures (others)
  3 plants (D:1)
3 creatures vanquished.

Grand Total: 38 creatures vanquished

Notes
Turn   | Place    | Note
-------+----------+-------------------------------------------
     0 | D:1      | mordus the Formicid Fighter began the quest for the Orb.
     0 | D:1      | Reached XP level 1. HP: 18/18 MP: 1/1
   230 | D:1      | Reached XP level 2. HP: 24/24 MP: 2/2
   381 | D:1      | Found a faded altar of an unknown god.
   581 | D:1      | Reached skill level 4 in Shields
   581 | D:1      | Reached XP level 3. HP: 28/29 MP: 3/3
  1493 | D:2      | Noticed Natasha
  1503 | D:2      | Killed Natasha
  1504 | D:2      | Reached XP level 4. HP: 17/35 MP: 4/4
  1967 | D:2      | Noticed Sigmund
  1980 | D:2      | Killed from afar by Sigmund

Illustrated notes

Levels and vault maps discovered:
D:1:      wander_arrival_abandoned_jail, layout_loops_corners,
          hellmonk_ecumenical_altar_crossroads, serial_bayou_lake_a
D:2:      layout_basic, uniq_natasha, uniq_sigmund

Skill      XL: |  1  2  3 |
---------------+----------+-----
Shields        | 4 |  4.3
Long Blades    | 3 |  3.5
Fighting       | |  3.2
Armour         | |  3.9

Action                   |  1- 3 |  4- 6 || total
-------------------------+-------+-------++-------
Melee: Long sword        |    93 |    39 ||   132
Armor: Scale mail        |    56 |    21 ||    77
Dodge: Dodged            |    59 |    20 ||    79
Block: Buckler           |    25 |    16 ||    41

Table legend: (Time is in decaauts)
 A = Elapsed time spent in this place.
 B = Non-inter-level travel time spent in this place.
 C = Inter-level travel time spent in this place.
 D = Time resting spent in this place.
 E = Time spent auto-exploring this place.
 F = Levels seen in this place.
 G = Mean time per level.
                   A        B        C        D        E       F      G
               +--------+--------+--------+--------+--------+-----+--------+
         Total |   2056 |   2022 |     34 |    151 |   1528 |   2 | 1028.0 |
       Dungeon |   2056 |   2022 |     34 |    151 |   1528 |   2 | 1028.0 |
               +--------+--------+--------+--------+--------+-----+--------+

Top non-repeatable levels by time:
     D:1: 1237 daAuts
     D:2: 819 daAuts
